 Dungeon Crawl Stone Soup version 0.30.0-21-gd299b56b3f (webtiles) character file.

Game seed: 15315580791276734996

2436 qw the Cleaver (level 9, 0/55 HPs)
             Began as a Gargoyle Fighter on June 2, 2023.
             Was a Follower of Okawaru.
             Slain by a gnoll bouda
             ... wielding a +0 whip
              (9 damage)
             ... on level 7 of the Dungeon.
             The game lasted 00:02:59 (5608 turns).

qw the Cleaver (Gargoyle Fighter)                   Turns: 5608, Time: 00:03:00

Health: 0/55       AC: 20    Str: 28    XL:     9   Next: 49%
Magic:  10/11      EV: 15    Int:  8    God:    Okawaru [*.....]
Gold:   207        SH:  7    Dex: 17    Spells: 8/8 levels left

rFire   + . .        Y - +0 war axe
rCold   . . .        c - +0 buckler
rNeg    + + +        i - +2 ring mail {rF+}
rPois   inf          e - +0 helmet
rElec   +            (no cloak)
rCorr   .            (no gloves)
SInv    .            (no boots)
Will    .....        (no amulet)
Stlth   ++           k - +4 ring of protection
HPRegen 0.29/turn    r - ring "Byorec Zequ" {*Slow Fly rN++ Str+3 Dex+8}
MPRegen 0.12/turn

%: slow self (1%)
@: heroic, weakened, flying
A: sickness immunity, AC +6, negative energy resistance 1, electricity
resistance, torment resistance 1, petrification resistance
a: Renounce Religion, Heroism


You were on level 7 of the Dungeon.
You worshipped Okawaru.
Okawaru was aware of your devotion.
You visited 2 branches of the dungeon, and saw 8 of its levels.

You collected 315 gold pieces.
You spent 108 gold pieces at shops.


Innate Abilities, Weirdness & Mutations

You are immune to sickness and miasma.
Your stone body is resilient. (AC +6)
You are immune to poison.
You resist negative energy. (rN+)
You are resistant to electric shocks. (rElec)
You are resistant to unholy torment.
You are immune to petrification.


   Skills:
 - Level 6.1(11.1) Fighting
 - Level 9.5(14.5) Axes
 - Level 2.0(7.0) Throwing
 - Level 3.2(8.2) Armour
 + Level 2.4(7.4) Dodging
 - Level 4.1(9.1) Shields
 + Level 2.8 Invocations


You had 8 spell levels left.
You didn't know any spells.
Your spell library was empty.

Inventory:

Hand Weapons
 g - a +0 flail of protection
 Y - a +0 war axe (weapon)
Missiles
 f - 6 boomerangs (quivered)
Armour
 c - a +0 buckler (worn)
 e - a +0 helmet (worn)
 i - a +2 ring mail of fire resistance (worn)
 l - a +0 chain mail
Jewellery
 h - a ring of resist corrosion
 k - a +4 ring of protection (left hand)
 q - a ring of protection from cold
 r - the ring "Byorec Zequ" (right hand) {*Slow Fly rN++ Str+3 Dex+8}
   (You found it on level 5 of the Dungeon)

   [ring of flight]

   Str:       It affects your strength (+3).
   Dex:       It affects your dexterity (+8).
   rN:        It greatly protects you from negative energy.
   Fly:       It grants you flight.
   *Slow:     It may slow you when you take damage.
Wands
 b - a wand of digging (9)
Scrolls
 a - a scroll of identify
Potions
 d - 5 potions of might
 j - a potion of mutation
 m - 3 potions of heal wounds
 n - a potion of berserk rage {unknown}
 o - a potion of haste {unknown}
 p - a potion of cancellation
 s - 2 potions of lignification {unknown}

Dungeon Overview and Level Annotations

Branches:
Dungeon (7/15)             Temple (1/1) D:6

Altars:
Ashenzari
Cheibriados
Dithmenos
Elyvilon
Fedhas
Gozag
Hepliaklqana
Kikubaaqudgha
Makhleb
Nemelex Xobeh
Okawaru
Qazlal
Trog
Uskayaw
Vehumet
Xom
Yredelemnul
Zin
The Shining One

Shops:
D:5 !


Message History

The orc barely misses you. The gnoll hits you but does no damage.
The wight closely misses you. The gnoll bouda completely misses you.
You hit the gnoll bouda.
The gnoll bouda is almost dead.
You hit the wight but do no damage. You block the wight's attack.
You block the orc's attack. The gnoll hits you but does no damage.
You block the gnoll's attack.
The wight hits you with a +0 great sword.
The gnoll bouda mumbles some strange prayers to its god.
The gnoll bouda is healed somewhat.
You hit the gnoll bouda.
The gnoll bouda is severely wounded.
You closely miss the wight. You hit the gnoll bouda.
The gnoll bouda is almost dead.
You hit the wight. You block the gnoll's attack.
The orc hits you from afar with a +0 trident.
The wight hits you from afar with a +5 spear!
The wight hits you with a +0 great sword.
You block the gnoll's attack.
The gnoll bouda hits you with a +0 whip.
5607 ||| DRINKING 4 potions of heal wounds.
You feel much better. The orc hits you but does no damage.
You block the gnoll's attack.
The wight hits you from afar with a +5 spear.
The wight hits you with a +0 great sword!
The gnoll closely misses you.
The gnoll bouda hits you with a +0 whip.
You slash the wight!
You destroy the wight!
Okawaru accepts your kill.
You barely miss the gnoll bouda. The gnoll closely misses you.
The orc completely misses you.
The wight hits you from afar with a +5 spear!
The gnoll hits you from afar with a +0 halberd.
The gnoll bouda gazes fiercely through you!
You feel as though you will be weak longer.
The gnoll bouda hits you with a +0 whip!
You die...

...... #......
....... #####
....... #...#
g......
#...#########zo.....
#...........#gg.....
#...#######.@)gz....
#...# ##))z.....
##..## ....#####
##..# ###### ##.#
#.#### #....##
####..#####
##..(..####


You could see a gnoll bouda, 3 wights, 3 gnolls and an orc.

Vanquished Creatures
  A two-headed ogre (D:6)
  Sigmund (D:3)
  An ice beast (D:6)
  A sky beast (D:6)
  A black bear (D:6)
  3 ogres
  A centaur (D:7)
  A phantom (D:5)
  Blork the orc (D:4)
  2 bullfrogs
  2 scorpions
  2 wights (D:7)
  2 jellies
  A gnoll bouda (D:6)
  A hound (D:4)
  2 sleepcaps (D:6)
  2 iguanas (D:5)
  Natasha (thrice) (D:4)
  An orc wizard (D:6)
  5 gnolls
  12 adders
  2 shadow imps
  3 white imps
  5 dart slugs
  2 worms
  13 orcs
  9 endoplasms
  3 giant cockroaches
  7 goblins
  6 hobgoblins
  4 quokkas
  7 ball pythons
  8 bats
  3 frilled lizards
  11 kobolds
  8 rats
137 creatures vanquished.

Vanquished Creatures (others)
  A hound (D:3)
  A gnoll (D:3)
  2 adders (D:3)
  An endoplasm (D:3)
  A giant cockroach (D:3)
  A hobgoblin (D:3)
  A jackal (D:3)
  A frilled lizard (D:3)
9 creatures vanquished.

Grand Total: 146 creatures vanquished

Notes
Turn   | Place    | Note
-------+----------+-------------------------------------------
     0 | D:1      | qw the Gargoyle Fighter began the quest for the Orb.
     0 | D:1      | Reached XP level 1. HP: 14/14 MP: 1/1
     0 | D:1      | 0 ||| qw: Version: 0.2-a-102-gdf20003
     0 | D:1      | 0 ||| qw: Game counter: 866
     0 | D:1      | 0 ||| qw: Always use a shield: true
     0 | D:1      | 0 ||| qw: God list: Okawaru
     0 | D:1      | 0 ||| qw: Allow faded altars: false
     0 | D:1      | 0 ||| qw: Do Orc after D:15 true
     0 | D:1      | 0 ||| qw: Do second Lair branch before Depths: true
     0 | D:1      | 0 ||| qw: Lair rune preference: random
     0 | D:1      | 0 ||| qw: Plans: Normal, Zot:1-4, Slime:5, God:TSO, Crypt,
                  | Tomb, Pan, Hells, Abyss, Win
     0 | D:1      | 0 ||| PLANNING D:1-11
    84 | D:1      | Reached skill level 2 in Axes
   122 | D:1      | 122 ||| Stepping ~*~*~tactically~*~*~ (stealth).
   282 | D:1      | Reached XP level 2. HP: 19/19 MP: 2/2
   287 | D:1      | 287 ||| Stepping ~*~*~tactically~*~*~ (hiding).
   466 | D:1      | Reached skill level 3 in Axes
   495 | D:1      | 495 ||| Stepping ~*~*~tactically~*~*~ (hiding).
   503 | D:1      | Reached XP level 3. HP: 23/23 MP: 3/3
   770 | D:1      | 770 ||| UPGRADING to +0 helmet.
   775 | D:1      | 775 ||| READING 2 scrolls labelled XILOCU BUHOUTAO.
   819 | D:2      | Identified the +8 dagger "Okome" {flame, Int+4}
  1023 | D:2      | 1023 ||| Stepping ~*~*~tactically~*~*~ (hiding).
  1033 | D:2      | Reached XP level 4. HP: 24/28 MP: 4/4
  1081 | D:2      | Reached skill level 4 in Axes
  1103 | D:2      | 1103 ||| UPGRADING to +4 ring of protection.
  1366 | D:2      | 1366 ||| UPGRADING to ring of resist corrosion.
  1367 | D:2      | 1367 ||| READING 2 scrolls labelled YDADO KIRIALAON.
  1368 | D:2      | 1368 ||| DROPPING scroll of amnesia.
  1396 | D:3      | Found a shimmering altar of Xom.
  1422 | D:3      | 1422 ||| Stepping ~*~*~tactically~*~*~ (stealth).
  1679 | D:3      | 1679 ||| DROPPING +0 whip.
  1692 | D:3      | Noticed Sigmund
  1704 | D:3      | Killed Sigmund
  1705 | D:3      | Reached skill level 5 in Axes
  1705 | D:3      | Reached XP level 5. HP: 29/32 MP: 5/5
  1705 | D:3      | Reached XP level 6. HP: 33/37 MP: 6/6
  1725 | D:3      | 1725 ||| Stepping ~*~*~tactically~*~*~ (hiding).
  1738 | D:3      | 1738 ||| Stepping ~*~*~tactically~*~*~ (stealth).
  2029 | D:3      | Found a blossoming altar of Fedhas.
  2385 | D:3      | 2385 ||| READING scroll labelled OCACEA KESOSAH.
  2386 | D:3      | 2386 ||| READING scroll labelled VUERYLALAO.
  2387 | D:3      | 2387 ||| READING scroll labelled IDDIFA ASEEPT.
  2388 | D:3      | 2388 ||| DRINKING 2 inky potions.
  2389 | D:3      | 2389 ||| DROPPING potion of flight.
  2505 | D:4      | Found a glowing golden altar of the Shining One.
  2513 | D:4      | Reached skill level 1 in Dodging
  2530 | D:4      | Noticed Blork the orc
  2542 | D:4      | Killed Blork the orc
  2543 | D:4      | Reached skill level 6 in Axes
  2543 | D:4      | Reached XP level 7. HP: 35/43 MP: 7/7
  2572 | D:4      | 2572 ||| DROPPING +2 whip of venom.
  2574 | D:4      | Found an ancient bone altar of Kikubaaqudgha.
  2719 | D:4      | Found a broken altar of Ashenzari.
  2791 | D:4      | Noticed Natasha
  2792 | D:4      | 2792 ||| Stepping ~*~*~tactically~*~*~ (hiding).
  2795 | D:4      | 2795 ||| Stepping ~*~*~tactically~*~*~ (hiding).
  2799 | D:4      | Killed Natasha
  3125 | D:4      | Noticed Natasha
  3126 | D:4      | 3126 ||| DRINKING 2 red potions.
  3127 | D:4      | 3127 ||| READING 4 scrolls of identify.
  3127 | D:4      | 3127 ||| IDENTIFYING bubbling purple potion
  3128 | D:4      | 3128 ||| READING 3 scrolls of identify.
  3128 | D:4      | 3128 ||| IDENTIFYING brown potion
  3129 | D:4      | 3129 ||| READING 2 scrolls of identify.
  3129 | D:4      | 3129 ||| IDENTIFYING bubbling amethyst potion
  3130 | D:4      | 3130 ||| DROPPING potion of degeneration.
  3131 | D:4      | 3131 ||| DROPPING potion of magic.
  3132 | D:4      | 3132 ||| DROPPING potion of ambrosia.
  3154 | D:4      | 3154 ||| DROPPING +0 flail.
  3157 | D:4      | 3157 ||| Stepping ~*~*~tactically~*~*~ (hiding).
  3159 | D:4      | 3159 ||| Stepping ~*~*~tactically~*~*~ (hiding).
  3164 | D:4      | Killed Natasha
  3262 | D:4      | Reached skill level 7 in Axes
  3424 | D:4      | Noticed Natasha
  3431 | D:4      | Killed Natasha
  3513 | D:4      | 3513 ||| UPGRADING to +2 ring mail of fire resistance.
  3523 | D:4      | 3523 ||| DROPPING +0 scale mail.
  3524 | D:4      | 3524 ||| UPGRADING to ring of protection from cold.
  3579 | D:5      | Entered Level 5 of the Dungeon
  3681 | D:5      | Reached XP level 8. HP: 45/49 MP: 8/8
  3710 | D:5      | Found Adeoff's Distillery.
  3718 | D:5      | 3718 ||| SHOPLISTING 2 potions of haste (240 gold, have
                  | 217).
  3718 | D:5      | 3718 ||| BUYING potion of heal wounds (60 gold).
  3718 | D:5      | Bought a potion of heal wounds for 60 gold pieces
  3718 | D:5      | 3718 ||| BUYING potion of might (48 gold).
  3718 | D:5      | Bought a potion of might for 48 gold pieces
  3718 | D:5      | 3718 ||| SHOPLISTING potion of resistance (120 gold, have
                  | 109).
  3918 | D:5      | 3918 ||| Stepping ~*~*~tactically~*~*~ (stealth).
  3920 | D:5      | 3920 ||| Stepping ~*~*~tactically~*~*~ (hiding).
  3943 | D:5      | Identified the ring "Byorec Zequ" {*Slow Fly rN++ Str+3
                  | Dex+8}
  4354 | D:5      | 4354 ||| UPGRADING to ring "Byorec Zequ" {*Slow Fly rN++
                  | Str+3 Dex+8}.
  4356 | D:5      | 4356 ||| READING scroll labelled YSHETU VOAJI.
  4412 | D:6      | 4412 ||| Stepping ~*~*~tactically~*~*~ (hiding).
  4543 | D:6      | Reached skill level 8 in Axes
  4608 | D:6      | Found a staircase to the Ecumenical Temple.
  4609 | D:6      | 4609 ||| PLANNING TEMPLE
  4609 | D:6      | 4609 ||| READING 2 scrolls of identify.
  4609 | D:6      | 4609 ||| IDENTIFYING amethyst potion
  4618 | Temple   | Entered the Ecumenical Temple
  4651 | Temple   | 4651 ||| PLANNING OKAWARU WORSHIP
  4709 | Temple   | Became a worshipper of Warmaster Okawaru
  4709 | Temple   | 4709 ||| PLANNING D:1-11
  4743 | D:6      | Reached skill level 6 in Fighting
  4759 | D:6      | Noticed a two-headed ogre
  4769 | D:6      | Killed a two-headed ogre
  4769 | D:6      | Reached * piety under Okawaru
  4770 | D:6      | Reached skill level 9 in Axes
  4770 | D:6      | Reached XP level 9. HP: 43/55 MP: 9/9
  4850 | D:6      | 4850 ||| Stepping ~*~*~tactically~*~*~ (hiding).
  4910 | D:6      | 4910 ||| INVOKING Heroism.
  4912 | D:6      | 4912 ||| Stepping ~*~*~tactically~*~*~ (stealth).
  4913 | D:6      | 4913 ||| Stepping ~*~*~tactically~*~*~ (stealth).
  4921 | D:6      | Reached skill level 1 in Invocations
  4921 | D:6      | 4921 ||| Stepping ~*~*~tactically~*~*~ (stealth).
  5414 | D:6      | 5414 ||| READING scroll labelled NOXECV BARO.
  5586 | D:7      | 5586 ||| Stepping ~*~*~tactically~*~*~ (hiding).
  5589 | D:7      | 5589 ||| INVOKING Heroism.
  5606 | D:7      | HP: 13/55 [gnoll bouda/+0 whip (1)]
  5607 | D:7      | 5607 ||| DRINKING 4 potions of heal wounds.
  5608 | D:7      | Slain by a gnoll bouda

Levels and vault maps discovered:
D:1:      spicycebolla_green_bress_n_ham_2, layout_loops_ring
D:2:      wander_river, layout_rooms, ebering_dispersal_statue_hall
D:3:      minmay_octagon_keep, layout_loops_ring, xom_confusion_cloud,
          fedhas_altar_fruit_tree, uniq_sigmund
D:4:      layout_basic, tso_metal_star, mainiacjoe_overflow_alcove_1,
          ashenzari_conservatory_becter, uniq_blork_the_orc, uniq_natasha
D:5:      layout_loops_ring, serial_shops, nicolae_shop_tiny_statue_garden,
          nicolae_fountain_basement
D:6:      layout_basic, minmay_temple_entry_drinking_statues
D:7:      layout_rooms, lemuel_crystal_altar, kennysheep_decorative_pillar
Temple:   jpeg_temple_clearing

Skill      XL: |  1  2  3  4  5  6  7  8  9 |
---------------+----------------------------+-----
Axes           | 2 3 5 6 7 9 |  9.5
Fighting       | 4 5 6 |  6.1
Dodging        | 1 2 |  2.4
Throwing       | 2 |  2.0
Invocations    | 2 |  2.8
Shields        | 4 |  4.1
Armour         | |  3.2

Action                     |  1- 3 |  4- 6 |  7- 9 || total
---------------------------+-------+-------+-------++-------
  Melee: War axe           |    86 |    98 |   195 ||   379
  Throw: Boomerang         |       |    33 |    37 ||    70
 Invoke: Heroism           |       |       |     2 ||     2
    Use: Scroll            |     1 |     4 |     6 ||    11
         Potion            |       |     1 |     2 ||     3
 Armour: Scale mail        |    52 |    36 |    20 ||   108
         Ring mail         |       |       |    85 ||    85
  Dodge: Dodged            |    49 |    40 |   104 ||   193
  Block: Buckler           |    15 |    12 |    56 ||    83

Table legend:
 A = Non-vault XP
 B = Vault XP
 C = Vault XP percentage of total XP
 D = Non-vault monster count
 E = Vault monster count
 F = Vault count percentage of total count
                 A         B        C        D         E       F
            +---------+---------+-------+---------+---------+-------
      Total |    3153 |     401 |  11.3 |     120 |      17 |  12.4
            +---------+---------+-------+---------+---------+-------
        D:1 |      41 |       0 |   0.0 |      22 |       0 |   0.0
        D:2 |      73 |       0 |   0.0 |      20 |       0 |   0.0
        D:3 |      43 |     265 |  86.0 |      17 |      14 |  45.2
        D:4 |     518 |     134 |  20.6 |      17 |       2 |  10.5
        D:5 |     421 |       2 |   0.5 |       8 |       1 |  11.1
        D:6 |    1652 |       0 |   0.0 |      24 |       0 |   0.0
        D:7 |     405 |       0 |   0.0 |      12 |       0 |   0.0
            +---------+---------+-------+---------+---------+-------
